 Dungeon Crawl Stone Soup version 0.30-a0-782-ge64f9170bb (webtiles) character file.

Game seed: 9117110461402664341

19 Bnni the Stinger (level 2, 0/21 HPs)
             Began as a Formicid Venom Mage on Mar 1, 2023.
             Slain by an adder (1 damage)
             ... on level 2 of the Dungeon.
             The game lasted 00:01:58 (975 turns).

Bnni the Stinger (Formicid Venom Mage)               Turns: 975, Time: 00:01:59

Health: 0/21       AC:  3    Str: 12    XL:     2   Next: 95%
Magic:  3/5        EV: 11    Int: 14    God:
Gold:   103        SH:  0    Dex: 14    Spells: 3/6 levels left

rFire   . . .      SeeInvis +    f - +2 spear (freeze)
rCold   . . .      Faith    .    (no shield)
rNeg    . . .      Spirit   .    h - +0 leather armour
rPois   .          Reflect  .    (helmet unavailable)
rElec   .          Harm     .    (no cloak)
rCorr   .          Rampage  .    (no gloves)
Will    .....                    (no boots)
Stlth   ++                       (no amulet)
HPRegen 0.23/turn                (no ring)
MPRegen 0.09/turn                (no ring)

@: lethally poisoned (0 -> -4)
A: permanent stasis, dig shafts and tunnels, antennae 3, four strong arms
a: Dig, Shaft Self


You were on level 2 of the Dungeon.
You visited 1 branch of the dungeon, and saw 2 of its levels.

You collected 103 gold pieces.

Inventory:

Hand Weapons
 f - a +2 spear of freezing (weapon)
Armour
 a - a +0 ring mail
 h - a +0 leather armour (worn)
 i - a +0 chain mail
Scrolls
 c - 2 scrolls of immolation {unknown}
 e - a scroll of silence {unknown}
Potions
 b - a potion of magic
 d - a potion of cancellation {unknown}
 g - a potion of ambrosia {unknown}


   Skills:
 + Level 1.0 Fighting
 + Level 0.2 Armour
 - Level 1.7 Dodging
 - Level 2.4 Stealth
 + Level 2.5 Spellcasting
 - Level 1.1 Transmutations
 * Level 4.6 Poison Magic


You had 3 spell levels left.
You knew the following spells:

 Your Spells              Type           Power      Damage    Failure   Level
a - Sting                 Tmut/Pois      36%        1d4       9%          1
b - Poisonous Vapours     Pois/Air       16%        N/A       17%         2

Your spell library contained the following spells:

 Spells                   Type           Power      Damage    Failure   Level
 Mephitic Cloud           Conj/Pois/Air  6%         N/A       41%         3
 Ozocubu's Armour         Ice            1%         N/A       65%         3
 Olgreb's Toxic Radiance  Pois           14%        N/A       38%         4
 Ozocubu's Refrigeration  Ice            0%         4d7       100%        7


Dungeon Overview and Level Annotations

Branches:
Dungeon (2/15)

Altars:


Innate Abilities, Weirdness & Mutations

You cannot be hasted, slowed, berserked, paralysed or teleported.
You can dig through walls and to a lower floor.
You have a pair of large antennae on your head. (SInv)
Your four strong arms can wield two-handed weapons with a shield.


Message History

You kill the hobgoblin!
You reach to attack!
You hit the giant cockroach. You freeze the giant cockroach.
The giant cockroach is severely wounded.
You hit the giant cockroach. You freeze the giant cockroach.
You kill the giant cockroach!
You closely miss the adder. The adder closely misses you. The adder bites you.
You closely miss the adder. The adder closely misses you.
You hit the adder. You freeze the adder.
The adder is heavily wounded.
The adder barely misses you. The adder bites you.
You are poisoned.
The adder poisons you!
You barely miss the adder.
The adder is heavily wounded.
You feel sick. The adder closely misses you.
You closely miss the adder.
The adder is heavily wounded.
You feel sick. The adder bites you but does no damage.
You barely miss the adder.
The adder is heavily wounded.
You feel sick. The adder bites you. x2
You are lethally poisoned!
The adder poisons you!
Aiming: Sting (safe; 9% risk of failure)
Press: ? - help, Q - select action, (/) - cycle Shift-Dir - straight line, f - adder
Aim: an adder (heavily wounded, 48% to hit)
The sting hits the adder.
The adder is poisoned.
The adder is heavily wounded.
* * * LOW HITPOINT WARNING * * *
You feel sick. The adder bites you.
* * * LOW HITPOINT WARNING * * *
Aiming: Sting (safe; 9% risk of failure)
Press: ? - help, Q - select action, (/) - cycle Shift-Dir - straight line, f/p - adder
Aim: an adder (heavily wounded, poisoned, 48% to hit)
The sting hits the adder.
The adder looks even sicker.
The adder is severely wounded.
* * * LOW HITPOINT WARNING * * *
You feel sick. The adder bites you.
You die...

#.# . #. #.#
.##. #####.#
... #...[<# .
#.. #.#####
... #S. #.#
....#.. #.#
.......####.#
#...†S@..(#
####>######
... ####


You could see an adder (very poisoned).

Vanquished Creatures
  A ball python (D:2)
  A bat (D:1)
  4 endoplasms (D:1)
  A giant cockroach (D:2)
  3 hobgoblins
  2 jackals (D:1)
  A frilled lizard (D:1)
  A goblin (D:1)
  2 rats
16 creatures vanquished.

Notes
Turn   | Place    | Note
-------+----------+-------------------------------------------
     0 | D:1      | Bnni the Formicid Venom Mage began the quest for the Orb.
     0 | D:1      | Reached XP level 1. HP: 13/13 MP: 3/3
   122 | D:1      | Reached XP level 2. HP: 8/20 MP: 0/5
   130 | D:1      | Learned a level 2 spell: Poisonous Vapours
   273 | D:1      | Found a faded altar of an unknown god.
   939 | D:2      | Reached skill level 1 in Fighting
   975 | D:2      | HP: 1/21 [poisoned by an adder]
   975 | D:2      | Slain by an adder

Illustrated notes

Levels and vault maps discovered:
D:1:      dpeg_arrival_short_road, layout_basic,
          dreamdust_ecumenical_altar_statues, minmay_box_of_dots
D:2:      layout_loops_ring, serial_shops, nicolae_lakefront_shop

Skill      XL: |  1  2 |
---------------+-------+-----
Fighting       | 1 |  1.0
Armour         | |  0.2
Dodging        | |  1.7
Stealth        | |  2.4
Spellcasting   | |  2.5
Transmutations | |  1.1
Poison Magic   | |  4.6

Action                     || total
---------------------------++-------
  Melee: Unarmed           ||    10
         Trident           ||     8
         Spear             ||    32
   Cast: Sting             ||     8
   Stab: Sleeping          ||     3
 Armour: Robe              ||    13
         Leather armour    ||     1
  Dodge: Dodged            ||    34

Table legend: (Time is in decaauts)
 A = Elapsed time spent in this place.
 B = Non-inter-level travel time spent in this place.
 C = Inter-level travel time spent in this place.
 D = Time resting spent in this place.
 E = Time spent auto-exploring this place.
 F = Levels seen in this place.
 G = Mean time per level.
                   A        B        C        D        E       F      G
               +--------+--------+--------+--------+--------+-----+--------+
         Total |    979 |    836 |    143 |      5 |    642 |   2 |  489.5 |
       Dungeon |    979 |    836 |    143 |      5 |    642 |   2 |  489.5 |
               +--------+--------+--------+--------+--------+-----+--------+

Top non-repeatable levels by time:
     D:1: 891 daAuts
     D:2: 88 daAuts
